 Dungeon Crawl Stone Soup version 0.25.0-9-g26727b657a (webtiles) character file.

Game seed: 5785382551112266573

56 mortelune the Firebug (level 3, 0/21 HPs)
             Began as an Octopode Fire Elementalist on June 19, 2020.
             Succumbed to a worker ant's poison
             ... on level 1 of the Dungeon.
             The game lasted 00:05:07 (2515 turns).

mortelune the Firebug (Octopode Fire Elementalist)  Turns: 2515, Time: 00:05:07

Health: 0/21       AC:  1    Str:  7    XL:     3   Next: 95%
Magic:  6/6        EV: 13    Int: 18    God:
Gold:   38         SH:  0    Dex: 12    Spells: 2/6 levels left

rFire    . . .     SeeInvis .   (no weapon)
rCold    . . .     Gourm    .   (no shield)
rNeg     . . .     Faith    .   (helmet restricted)
rPois    .         Spirit   .   (no amulet)
rElec    .         Reflect  .   (no ring)
rCorr    .         Harm     .   (no ring)
MR       .....                  (no ring)
Stlth    +++.......             (no ring)
HPRegen  0.07/turn              (no ring)
MPRegen  0.10/turn              (no ring)
                                (no ring)
                                (no ring)

@: lethally poisoned (0 -> -23), invisible
A: almost no armour, stealthy swim, amphibious, 8 rings, constrict 8, camouflage
1, gelatinous body 1
a: no special abilities


You were on level 1 of the Dungeon.
You were not hungry.

You visited 1 branch of the dungeon, and saw 2 of its levels.

You collected 38 gold pieces.

Inventory:

Hand Weapons
 a - a +0 dagger
Scrolls
 c - a scroll of immolation {unknown}
 d - a scroll of enchant armour {unknown}
 f - a scroll of fog {unknown}
 h - a scroll of fear {unknown}
 i - a scroll of teleportation {unknown}
 j - a scroll of amnesia {unknown}
 k - 2 scrolls of remove curse {unknown}
 m - 3 scrolls of identify {unknown}
 p - a scroll of blinking {unknown}
Potions
 o - a potion of curing {unknown}
Comestibles
 b - 3 rations
 q - 2 chunks of flesh


   Skills:
 - Level 2.1 Dodging
 - Level 2.6 Stealth
 + Level 2.4 Spellcasting
 * Level 2.3 Conjurations
 * Level 3.7 Fire Magic


You had 2 spell levels left.
You knew the following spells:

 Your Spells              Type           Power        Failure   Level  Hunger
a - Foxfire               Conj/Fire      ##..         4%          1    #......
b - Inner Flame           Hex/Fire       #.......     24%         3    ###....

Your spell library contained the following spells:

 Spells                   Type           Power        Failure   Level  Hunger
 Animate Skeleton         Necr           N/A          17%         1    #......
 Apportation              Tloc           #.....       17%         1    #......
 Corona                   Hex            #......      17%         1    #......
 Summon Small Mammal      Summ           #...         17%         1    #......
 Conjure Flame            Conj/Fire      ##......     16%         3    ###....
 Sticky Flame             Conj/Fire      ##......     45%         4    #####..
 Fireball                 Conj/Fire      ##........   80%         5    ######.


Dungeon Overview and Level Annotations

Branches:
Dungeon (2/15)

Altars:
Makhleb


Innate Abilities, Weirdness & Mutations

You cannot wear most types of armour.
You are very stealthy in the water. (Stealth+)
You are amphibious.
You can wear up to eight rings at the same time.
You can use your tentacles to constrict eight enemies at once.
Your skin changes colour to match your surroundings (Stealth+).
Your rubbery body absorbs attacks. (AC +1, EV +1)


Message History

The worker ant bites you.
You are lethally poisoned!
The worker ant poisons you!
You feel sick.
It was a potion of haste.
You feel yourself speed up.
You feel sick. The worker ant bites you.
It was a potion of cancellation.
Your magical effects are unravelling.
You feel magically purged.
Your magical contamination has completely faded away.
You feel yourself slow down.
You feel sick. The worker ant closely misses you.
It was a potion of magic.
Magic courses through your body.
You feel sick. The worker ant bites you.
* * * LOW HITPOINT WARNING * * *
You are more poisoned.
The worker ant poisons you!
It was a potion of invisibility.
You fade into invisibility!
You die...

......# #.# ......#
#.# .....## #.##
....## #..# #####
#####.####
....######....((..#
###..............)#
########........#
#......@.#
#.(....a.#
#(.......#
##..##..####
#####..###.)...#
#.....## #.....#
##.##### #..(..#
#..# #.....# #.##
#.)...#


You could see a worker ant.

Vanquished Creatures
  A gnoll (D:1)
  A worm (D:2)
  A dart slug (D:1)
  5 bats
  A giant cockroach (D:1)
  5 goblins
  5 hobgoblins
  4 jackals (D:1)
  2 quokkas (D:2)
  3 frilled lizards
  5 kobolds (D:1)
  6 rats
39 creatures vanquished.

Vanquished Creatures (collateral kills)
  A goblin (D:1)
1 creature vanquished.

Vanquished Creatures (others)
  88 foxfires
88 creatures vanquished.

Grand Total: 128 creatures vanquished

Notes
Turn   | Place    | Note
-------+----------+-------------------------------------------
     0 | D:1      | mortelune the Octopode Fire Elementalist began the quest
                  | for the Orb.
     0 | D:1      | Reached XP level 1. HP: 11/11 MP: 3/3
   138 | D:1      | Reached XP level 2. HP: 17/17 MP: 1/5
  1067 | D:1      | Reached XP level 3. HP: 21/21 MP: 2/6
  1660 | D:2      | Found a burning altar of Makhleb.
  1667 | D:2      | Learned a level 3 spell: Inner Flame
  2514 | D:1      | HP: 1/21 [worker ant (6)]
  2515 | D:1      | Succumbed to a worker ant's poison

Illustrated notes

Levels and vault maps discovered:
D:1:      dpeg_arrival_round_b, layout_rooms
D:2:      layout_basic, bloody_makhleb

Skill      XL: |  1  2  3 |
---------------+----------+-----
Conjurations   | 2 |  2.3
Dodging        | |  2.1
Stealth        | |  2.6
Spellcasting   | |  2.4
Fire Magic     | |  3.7

Action                   || total
-------------------------++-------
Melee: Unarmed           ||     8
       Constrict         ||     5
       Tentacles         ||     3
 Cast: Foxfire           ||    70
       Inner Flame       ||     1
  Use: Potion            ||     4
  Eat: Chunk             ||     6
Armor: Skin              ||     3
Dodge: Dodged            ||    48
